 Dungeon Sprint DCSS version 0.29-a0-1027-gcd8c55af63 (webtiles) character file.

Game seed: 8254381564508164308

13364 mhtbhm the Ninja (level 11, 0/59 HPs)
             Began as a Spriggan Brigand on Aug 13, 2022.
             Was the Champion of Dithmenos.
             Slain by a dire elephant (7 damage)
             ... in the Dungeon (Sprint III: "The Ten Rune Challenge").
             The game lasted 00:09:16 (2117 turns).

mhtbhm the Ninja (Spriggan Brigand)                 Turns: 2117, Time: 00:09:17

Health: 0/59       AC:  4    Str:  7    XL:     11   Next: 74%
Magic:  22/22      EV: 25    Int: 12    God:    Dithmenos [******]
Gold:   3296       SH:  0    Dex: 22    Spells: 10/10 levels left

rFire   . . .      SeeInvis +   a - +2 dagger
rCold   + . .      Faith    .   (no shield)
rNeg    . . .      Spirit   .   b - +1 robe {rC+}
rPois   .          Reflect  .   (helmet restricted)
rElec   .          Harm     .   c - +0 cloak
rCorr   .          Rampage  .   (gloves unavailable)
Will    +....      NoTele   +   (boots unavailable)
Stlth   ++++++++++              (no amulet)
HPRegen 0.19/turn               (no ring)
MPRegen 0.18/turn               (no ring)

@: wreathed by umbra, slow
A: very small, no large weapons, unfitting armour, see invisible, speed 3
a: Renounce Religion, Shadow Step, Shadow Form


You were in the Dungeon.
You worshipped Dithmenos.
Dithmenos was exalted by your worship.
You visited 1 branch You collected 3808 gold pieces.
You spent 512 gold pieces at shops.

Inventory:

Hand Weapons
 a - a +2 dagger (weapon)
Missiles
 d - 9 poisoned darts
 e - 8 curare-tipped darts (quivered)
Armour
 b - a +1 robe of cold resistance (worn)
 c - a +0 cloak (worn)
Wands
 m - a wand of mindburst (12)
 r - a wand of iceblast (6)
Scrolls
 j - a scroll of vulnerability {unknown}
 k - a scroll of blinking
 n - a scroll of poison {unknown}
 p - 2 scrolls of identify
 t - a scroll of enchant weapon
 u - a scroll of fear
Potions
 f - 2 potions of curing
 g - 3 potions of heal wounds
 h - 2 potions of haste
 i - 2 potions of magic
 l - a potion of brilliance {unknown}
 o - 2 potions of flight
 q - 5 potions of mutation
 v - a potion of berserk rage
Miscellaneous
 s - a phial of floods


   Skills:
 + Level 7.7 Fighting
 + Level 12.7 Short Blades
 + Level 9.5 Throwing
 + Level 8.8 Dodging
 O Level 27 Stealth
 * Level 14.5 Invocations
 + Level 7.3 Evocations


You had 10 spell levels left.
You didn't know any spells.
Your spell library contained the following spells:

 Spells                   Type           Power      Damage    Failure   Level
 Sting                    Tmut/Pois      0%         1d3       32%         1
 Poisonous Vapours        Pois/Air       0%         N/A       45%         2
 Gell's Gravitas          Tloc           0%         N/A       69%         3
 Lesser Beckoning         Tloc           0%         N/A       69%         3
 Teleport Other           Tloc           0%         N/A       69%         3
 Olgreb's Toxic Radiance  Pois           0%         N/A       97%         4


Dungeon Overview and Level Annotations

Branches:
Dungeon (1/1)

Altars:
Cheibriados
Dithmenos
Elyvilon
Fedhas
Gozag
Hepliaklqana
Kikubaaqudgha
Makhleb
Nemelex Xobeh
Okawaru
Qazlal
Ru
Sif Muna
Trog
Uskayaw
Vehumet
Wu Jian
Xom
Yredelemnul
Zin
The Shining One
Jiyva
Lugonu

Shops:
D *(!?=:[(([[*

Annotations:
D exclusion: obsidian statue, Gastronok


Innate Abilities, Weirdness & Mutations

You are very small and have problems with some larger weapons.
You are too small for most types of armour.
You have supernaturally acute eyesight. (SInv)
You cover ground extremely quickly. (Speed+++)


Message History

The iceblast engulfs the dire elephant!!
The dire elephant is heavily wounded.
The iceblast engulfs the plant!!
The plant begins to die.
The plant is lightly damaged.
The iceblast engulfs the plant!!
The plant is moderately damaged.
The iceblast engulfs the plant!!
The plant begins to die.
The plant is lightly damaged.
Gastronok completely misses the plant.
Unknown command.
Unknown command.
Unknown command.
You enter the shallow water.
Moving in this stuff is going to be slow.
Aiming: Iceblast
Press: ? - help, Shift-Dir - straight line, f - dire elephant
Aim: a dire elephant (heavily wounded, very poisoned, slow, umbra)
The mass of ice explodes!
The iceblast engulfs the dire elephant!
The dire elephant is heavily wounded.
Unknown command.
Unknown command.
Unknown command.
You open the door.
The dire elephant is no longer moving slowly.
The dire elephant attacks as you move away!
The dire elephant tramples you!!
Ouch! That really hurt!
You emit a cloud of dark smoke.
The dire elephant closely misses you.
You see here a blink frog skeleton.
The dire elephant attacks as you move away!
The dire elephant completely misses you. x2
You see here a blink frog skeleton.
You enter the shallow water.
Moving in this stuff is going to be slow.
The dire elephant looks more healthy.
The dire elephant attacks as you move away!
The dire elephant tramples you!!
* * * LOW HITPOINT WARNING * * *
You emit a cloud of dark smoke.
The dire elephant trunk-slaps you!
You die...

▓#.....##..###....#.⌠.#__#...#'#
###..##...##.....#...#__#...#..
##..##....#......#'###__#...##.
#..###..##.#.....#.))#__#...'##
#..# #..#####....#___#__'...#..
▓▓▓▓▓▓▓▓▓▓▓▓▓▓▓▓▓▓▓▓▓▓▓▓▓▓▓▓▓▓▓
▓...'≈§§§§§§~≈♣♣.....♣♣♣♣~~~...
▓.†.#~§≈§§§~§§♣♣.≈≈≈≈'♣♣'♣≈≈≈≈≈
▓.PP#~~w§§§§§Y@§§....#.~♣♣♣♣♣♣♣
▓.wP#≈~§§§§§§§♣♣♣♣♣♣♣#÷.♣♣
▓..$#≈≈§§§§§§§♣ ###'♣♣♣♣♣
▓##+####§###### ♣♣♣♣.##..## ....
♣†..##.##.# ###### ♣♣.##†##.##
♣..#.##... ♣♣.##†##.) ♣♣.##.####


You could see a dire elephant.

Vanquished Creatures
  Harold (D)
  A dire elephant (D)
  Erolcha (D)
  Urug (D)
  A lindwurm (D)
  Joseph (D)
  A deep elf pyromancer (D)
  3 orc sorcerers (D)
  An orc knight (D)
  2 elephants (D)
  2 cane toads (D)
  A komodo dragon (D)
  A rime drake (D)
  3 wandering mushrooms (D)
  2 tyrant leeches (D)
  5 orc high priests (D)
  5 blink frogs (D)
  A shadow (D)
  5 redbacks (D)
  A spatial vortex (D)
  A swamp drake (D)
  An orc warrior (D)
  5 two-headed ogres (D)
  A necrophage (D)
  A water elemental (D)
  A jelly (D)
  Jessica (D)
  A wizard (D)
  A necromancer (D)
  3 orc wizards (D)
  A kobold demonologist (D)
  3 humans (D)
  A wolf (D)
  9 orcs (D)
  2 endoplasms (D)
71 creatures vanquished.

Vanquished Creatures (others)
  8 plants (D)
8 creatures vanquished.

Grand Total: 79 creatures vanquished

Notes
Turn   | Place    | Note
-------+----------+-------------------------------------------
     0 | D        | mhtbhm the Spriggan Brigand began the quest for the Orb.
     0 | D        | Reached XP level 1. HP: 10/10 MP: 2/2
    10 | D        | Reached skill level 6 in Stealth
    12 | D        | Reached skill level 7 in Stealth
    24 | D        | Noticed Jessica
    26 | D        | Killed Jessica
    27 | D        | Reached skill level 10 in Stealth
    27 | D        | Reached XP level 2. HP: 15/15 MP: 3/3
    27 | D        | Reached XP level 3. HP: 18/18 MP: 4/4
    56 | D        | Reached skill level 11 in Stealth
    89 | D        | Noticed a water elemental
    92 | D        | Killed a water elemental
    93 | D        | Reached skill level 13 in Stealth
    93 | D        | Reached XP level 4. HP: 23/23 MP: 5/5
   103 | D        | Found a shadowy altar of Dithmenos.
   103 | D        | Noticed a necrophage
   104 | D        | Found a basalt altar of Yredelemnul.
   104 | D        | Found a sacrificial altar of Ru.
   106 | D        | Reached XP level 5. HP: 28/28 MP: 6/6
   107 | D        | Reached skill level 15 in Stealth
   110 | D        | Became a worshipper of Dithmenos the Shadowed
   129 | D        | Found a radiant altar of Vehumet.
   130 | D        | Found a shimmering blue altar of Sif Muna.
   130 | D        | Found an ancient bone altar of Kikubaaqudgha.
   134 | D        | Reached skill level 16 in Stealth
   134 | D        | Reached skill level 1 in Invocations
   146 | D        | Found a glowing silver altar of Zin.
   147 | D        | Found a glowing golden altar of the Shining One.
   147 | D        | Found a white marble altar of Elyvilon.
   147 | D        | Noticed a deep elf pyromancer
   149 | D        | Killed a deep elf pyromancer
   149 | D        | Reached * piety under Dithmenos
   150 | D        | Reached skill level 5 in Throwing
   150 | D        | Reached skill level 19 in Stealth
   150 | D        | Reached XP level 6. HP: 33/33 MP: 6/10
   150 | D        | Reached XP level 7. HP: 37/37 MP: 6/11
   195 | D        | Found a hide-covered altar of Uskayaw.
   195 | D        | Found an iron altar of Okawaru.
   196 | D        | Found a bloodstained altar of Trog.
   196 | D        | Found an ornate altar of the Wu Jian Council.
   196 | D        | Noticed a human
   196 | D        | Noticed a human
   380 | D        | Killed a human
   381 | D        | Reached skill level 20 in Stealth
   381 | D        | Reached skill level 5 in Invocations
   394 | D        | Killed a human
   550 | D        | Noticed a shadow
   552 | D        | Killed a shadow
   552 | D        | Reached ** piety under Dithmenos
   553 | D        | Reached XP level 8. HP: 42/42 MP: 13/13
   558 | D        | Found a blossoming altar of Fedhas.
   558 | D        | Found a stormy altar of Qazlal.
   559 | D        | Found a snail-covered altar of Cheibriados.
   559 | D        | Found a burning altar of Makhleb.
   559 | D        | Found a hazy altar of Hepliaklqana.
   559 | D        | Found a shimmering altar of Xom.
   559 | D        | Found an opulent altar of Gozag.
   559 | D        | Found a sparkling altar of Nemelex Xobeh.
   559 | D        | Found a corrupted altar of Lugonu.
   559 | D        | Found a viscous altar of Jiyva.
   563 | D        | Reached skill level 21 in Stealth
   563 | D        | Reached skill level 1 in Evocations
   585 | D        | Reached *** piety under Dithmenos
   600 | D        | Noticed a two-headed ogre
   603 | D        | Killed a two-headed ogre
   604 | D        | Reached skill level 22 in Stealth
   608 | D        | Noticed a two-headed ogre
   608 | D        | Noticed Erolcha
   610 | D        | Killed Erolcha
   611 | D        | Reached skill level 5 in Fighting
   611 | D        | Reached skill level 23 in Stealth
   611 | D        | Reached XP level 9. HP: 47/47 MP: 15/15
   611 | D        | Killed a two-headed ogre
   611 | D        | Reached **** piety under Dithmenos
   612 | D        | Reached skill level 24 in Stealth
   641 | D        | Noticed a wandering mushroom
   645 | D        | Noticed a wandering mushroom
   645 | D        | Noticed a wandering mushroom
   646 | D        | Killed a wandering mushroom
   650 | D        | Killed a wandering mushroom
   653 | D        | Killed a wandering mushroom
   654 | D        | Reached skill level 25 in Stealth
   702 | D        | Noticed Harold
   702 | D        | Noticed Joseph
   704 | D        | Killed Harold
   705 | D        | Reached skill level 26 in Stealth
   705 | D        | Reached XP level 10. HP: 47/51 MP: 12/18
   705 | D        | Killed Joseph
   706 | D        | Reached skill level 5 in Dodging
   706 | D        | Reached skill level 10 in Invocations
   731 | D        | Reached ***** piety under Dithmenos
   732 | D        | Reached skill level 27 in Stealth
   752 | D        | Noticed a rust devil
   759 | D        | Noticed a rust devil
   760 | D        | Reached skill level 10 in Short Blades
   892 | D        | Noticed an obsidian statue
   904 | D        | Found Tuunariw's Armour Emporium.
   904 | D        | Found Sixtuet's Antique Weapon Shop.
   904 | D        | Found Qoiv's Jewellery Boutique.
   904 | D        | Found Vikhly's General Store.
   904 | D        | Found Feusawewn's Book Boutique.
   904 | D        | Found Otoveup's Weapon Emporium.
   904 | D        | Found Cougris's Magic Scroll Shoppe.
   904 | D        | Found Irallo's Distillery.
   904 | D        | Found Ziduat's Antique Armour Emporium.
   904 | D        | Found Fezxigos's Antique Weapon Emporium.
   904 | D        | Found Afasen's Armour Boutique.
  1032 | D        | Found Xeoxubb's Assorted Antiques.
  1036 | D        | Noticed an orc sorcerer
  1037 | D        | Noticed an orc sorcerer
  1037 | D        | Noticed an orc high priest
  1037 | D        | Noticed an orc knight
  1037 | D        | Noticed an orc sorcerer
  1042 | D        | Killed an orc sorcerer
  1042 | D        | Killed an orc high priest
  1042 | D        | Reached ****** piety under Dithmenos
  1042 | D        | Killed an orc sorcerer
  1042 | D        | Killed an orc knight
  1042 | D        | Killed an orc sorcerer
  1043 | D        | Reached skill level 5 in Evocations
  1043 | D        | Reached XP level 11. HP: 58/58 MP: 18/21
  1163 | D        | Bought a scroll labelled OSIAHI HUTU for 28 gold pieces
  1163 | D        | Bought a shiny bronze wand for 112 gold pieces
  1264 | D        | Bought a potion of flight for 36 gold pieces
  1268 | D        | Bought a scroll of enchant weapon for 90 gold pieces
  1268 | D        | Bought a scroll of fear for 48 gold pieces
  1269 | D        | Bought a potion of berserk rage for 55 gold pieces
  1269 | D        | Bought a potion of haste for 110 gold pieces
  1269 | D        | Bought a potion of curing for 33 gold pieces
  1316 | D        | Noticed a yaktaur captain
  1506 | D        | Noticed a lindwurm
  1508 | D        | Killed a lindwurm
  1648 | D        | Noticed Urug
  1650 | D        | Killed Urug
  2092 | D        | Noticed a dire elephant
  2092 | D        | Noticed a dire elephant
  2092 | D        | Noticed Gastronok
  2098 | D        | Killed a dire elephant
  2117 | D        | Slain by a dire elephant

Illustrated notes

Levels and vault maps discovered:
D:        dungeon_sprint_mu [sprint_mu_entry_cave, sprint_mu_temple_rooms,
          sprint_mu_d1_spiders, sprint_mu_d2_genie, sprint_mu_d3_branching,
          sprint_mu_orc_legion, sprint_mu_elf_gauntlet, sprint_mu_hive_nellie,
          sprint_mu_lair_fedhas, sprint_mu_vaults_butterflies,
          sprint_mu_slime_circle, sprint_mu_shoals_kraken,
          sprint_mu_snake_twists, sprint_mu_blade_basic,
          sprint_mu_crypt_chambers, sprint_mu_tomb_spiral,
          sprint_mu_vestibule_basic, sprint_mu_gehenna_hellfire,
          sprint_mu_dis_giant, sprint_mu_tartarus_statrot,
          sprint_mu_cocytus_islands, sprint_mu_zot1]

Skill      XL: |  1  2  3  4  5  6  7  8  9 10 11 |
---------------+----------------------------------+-----
Stealth        | 10 13 19 20 23 26 27 | 27.0
Fighting       | 2 3 4 5 6 7 |  7.7
Short Blades   | 3 4 6 8 9 11 12 | 12.7
Throwing       | 3 5 6 7 8 9 |  9.5
Invocations    | 4 5 7 9 12 14 | 14.5
Dodging        | 2 3 4 6 8 |  8.8
Evocations     | 1 2 5 7 |  7.3

Action                   |  1- 3 |  4- 6 |  7- 9 | 10-12 || total
-------------------------+-------+-------+-------+-------++-------
Melee: Dagger            |    10 |     5 |    27 |    88 ||   130
       Punch             |     1 |       |       |       ||     1
Throw: Dart              |     6 |       |     1 |    12 ||    19
Invok: Shadow Step       |       |       |     3 |     2 ||     5
Evoke: Wand              |       |       |     2 |     4 ||     6
       Phial of floods   |       |       |       |     1 ||     1
  Use: Scroll            |       |       |       |     2 ||     2
       Potion            |       |       |       |     4 ||     4
 Stab: Sleeping          |     4 |     5 |    14 |    20 ||    43
       Distracted        |       |       |     1 |       ||     1
Armor: Robe              |       |       |       |     2 ||     2
Dodge: Dodged            |     2 |       |     9 |    49 ||    60

Table legend: (Time is in decaauts)
 A = Elapsed time spent in this place.
 B = Non-inter-level travel time spent in this place.
 C = Inter-level travel time spent in this place.
 D = Time resting spent in this place.
 E = Time spent auto-exploring this place.
 F = Levels seen in this place.
 G = Mean time per level.
                   A        B        C        D        E       F      G
               +--------+--------+--------+--------+--------+-----+--------+
         Total |   1738 |   1713 |     25 |    990 |     24 |   1 | 1738.0 |
       Dungeon |   1738 |   1713 |     25 |    990 |     24 |   1 | 1738.0 |
               +--------+--------+--------+--------+--------+-----+--------+

Top non-repeatable levels by time:
       D: 1738 daAuts
